 Dungeon Crawl Stone Soup version 0.30-a0-465-g8901f6c8b5 (webtiles) character file.

Game seed: 309215186938081525

25 themarg the Conjurer (level 2, -1/20 HPs)
             Began as a Draconian Conjurer on Dec 19, 2022.
             Was a Follower of Qazlal.
             Slain by Sigmund
             ... wielding a +0 scythe
              (11 damage)
             ... on level 2 of the Dungeon.
             The game lasted 00:03:13 (772 turns).

themarg the Conjurer (Draconian Conjurer)            Turns: 772, Time: 00:03:13

Health: -1/20      AC:  4    Str:  9    XL:     2   Next: 82%
Magic:  9/14       EV: 12    Int: 18    God:    Qazlal [*.....]
Gold:   51         SH:  1    Dex:  9    Spells: 2/5 levels left

rFire   . . .      SeeInvis .    b - +0 sling
rCold   . . .      Faith    .    (no shield)
rNeg    . . .      Spirit   .    (body armour unavailable)
rPois   .          Reflect  .    (helmet restricted)
rElec   .          Harm     .    (no cloak)
rCorr   .          Rampage  .    (no gloves)
Will    .....                    (no boots)
Stlth   ++........               (no amulet)
HPRegen 0.23/turn                f - ring of magical power
MPRegen 0.14/turn                (no ring)

@: no status effects
A: AC +4, unfitting armour, cold-blooded
a: Renounce Religion


You were on level 2 of the Dungeon.
You worshipped Qazlal.
Qazlal was aware of your devotion.
You visited 1 branch of the dungeon, and saw 2 of its levels.

You collected 51 gold pieces.

Inventory:

Hand Weapons
 b - a +0 sling (weapon)
 l - a +0 mace
Missiles
 d - 11 stones
 e - 11 poisoned darts
Jewellery
 f - a ring of magical power (left hand)
Scrolls
 g - a scroll of silence {unknown}
 h - a scroll of teleportation {unknown}
 k - a scroll of identify {unknown}
Potions
 a - 3 potions of magic
 c - 2 potions of flight {unknown}
 i - 3 potions of curing {unknown}
 j - a potion of heal wounds {unknown}


   Skills:
 - Level 1.7 Dodging
 + Level 2.4 Stealth
 + Level 2.4 Spellcasting
 + Level 4.3 Conjurations


You had 2 spell levels left.
You knew the following spells:

 Your Spells              Type           Power      Damage    Failure   Level
a - Magic Dart            Conj           68%        1d6       3%          1
b - Searing Ray           Conj           34%        2d5       4%          2

Your spell library contained the following spells:

 Spells                   Type           Power      Damage    Failure   Level
 Dazzling Flash           Conj/Hex       18%        N/A       22%         3
 Fulminant Prism          Conj/Hex       4%         3d5       56%         4
 Iskenderun's Mystic Bla  Conj/Tloc      9%         2d4       56%         4


Dungeon Overview and Level Annotations

Branches:
Dungeon (2/15)

Altars:
Qazlal

Annotations:
D:2 Sigmund


Innate Abilities, Weirdness & Mutations

Your plain brown scales are hard. (AC +4)
You cannot fit into any form of body armour.
You are cold-blooded and may be slowed by cold attacks.


Message History

A dart slug comes into view.
The bat closely misses you.
A giant cockroach comes into view.
The bat closely misses you.
Casting: Searing Ray (safe; 4% risk of failure)
Confirm with . or Enter, or press ? or * to list all spells.
Aiming: Searing Ray (safe; 4% risk of failure)
Press: ? - help, Shift-Dir - straight line, f - giant cockroach
Aim: a giant cockroach (78% to hit)
The searing ray hits the endoplasm.
The endoplasm is severely wounded.
The searing ray hits the giant cockroach but does no damage. (Press . to maintain the ray.)
The bat hits you but does no damage. The endoplasm freezes you.
You are frozen.
You feel yourself slow down.
The searing ray hits the endoplasm.
You kill the endoplasm!
Qazlal accepts your kill.
The searing ray hits something.
The searing ray hits the giant cockroach but does no damage.
The bat closely misses you. The dart slug launches a dart at you.
The slug dart misses you. Something hits you.
A frilled lizard comes into view.
The searing ray hits the giant cockroach.
The giant cockroach is severely wounded.
You feel yourself speed up.
The frilled lizard hisses angrily.
The bat hits you but does no damage. Something hits you.
The searing ray hits the giant cockroach!
You kill the giant cockroach!
Qazlal accepts your kill.
You finish channelling your searing ray.
The bat hits you but does no damage. The dart slug launches a dart at you.
The slug dart hits you. Something hits you!
Ouch! That really hurt!
You die...

.### # #..# ...# # #..#
#..# # #..# +..# # #..#
##..# # #..###)..# #
#w##.....########
...#####........'.......
#..)..@........########
..[.l##.b.......# # ...
#.........# ### .
#.......##### #..
#.......# #.# #.......#
#.. #.......# #..
###+##### #.. #>.


You could see a dart slug, a bat and a frilled lizard.

Vanquished Creatures
  A worm (D:2)
  An endoplasm (D:2)
  3 giant cockroaches
  2 goblins (D:2)
  2 hobgoblins (D:1)
  2 quokkas (D:1)
  4 ball pythons
  3 bats (D:1)
  A kobold (D:1)
  3 rats
22 creatures vanquished.

Notes
Turn   | Place    | Note
-------+----------+-------------------------------------------
     0 | D:1      | themarg the Draconian Conjurer began the quest for the Orb.
     0 | D:1      | Reached XP level 1. HP: 14/14 MP: 3/3
   237 | D:1      | Reached XP level 2. HP: 19/20 MP: 5/5
   241 | D:1      | Learned a level 2 spell: Searing Ray
   585 | D:1      | Found a faded altar of an unknown god.
   589 | D:1      | Prayed at the altar of an unknown god.
   589 | D:1      | Became a worshipper of Qazlal Stormbringer
   589 | D:1      | Reached * piety under Qazlal
   766 | D:2      | Noticed Sigmund
   772 | D:2      | Slain by Sigmund

Illustrated notes

Levels and vault maps discovered:
D:1:      matt_arrival_los_fun, layout_rooms, ebering_ecumenical_altar_box,
          serial_park_tiny_1
D:2:      layout_basic, minmay_divided_ellipse, uniq_sigmund,
          uniq_crazy_yiuf_cottage

Skill      XL: |  1 |
---------------+----+-----
Stealth        | 2 |  2.4
Dodging        | |  1.7
Spellcasting   | |  2.4
Conjurations   | |  4.3

Action                   || total
-------------------------++-------
 Fire: Sling             ||    43
 Cast: Magic Dart        ||     3
       Searing Ray       ||     4
Armor: Skin              ||     9
Dodge: Dodged            ||    26

Table legend: (Time is in decaauts)
 A = Elapsed time spent in this place.
 B = Non-inter-level travel time spent in this place.
 C = Inter-level travel time spent in this place.
 D = Time resting spent in this place.
 E = Time spent auto-exploring this place.
 F = Levels seen in this place.
 G = Mean time per level.
                   A        B        C        D        E       F      G
               +--------+--------+--------+--------+--------+-----+--------+
         Total |    789 |    742 |     47 |      0 |    594 |   2 |  394.5 |
       Dungeon |    789 |    742 |     47 |      0 |    594 |   2 |  394.5 |
               +--------+--------+--------+--------+--------+-----+--------+

Top non-repeatable levels by time:
     D:1: 654 daAuts
     D:2: 135 daAuts
